 Dungeon Crawl Stone Soup version 0.29.1-13-g9f3cf754e1 (webtiles) character file.

Game seed: 14549652993413710262

7 Thatpatchoflichen the Chopper (level 2, -1/25 HPs)
             Began as a Hill Orc Gladiator on Feb 1, 2023.
             Slain by an anaconda skeleton (4 damage)
             ... on level 1 of the Abyss.
             The game lasted 00:01:28 (480 turns).

Thatpatchoflichen the Chopper (Hill Orc Gladiator)   Turns: 480, Time: 00:01:28

Health: -1/25      AC:  4    Str: 16    XL:     2   Next: 4%
Magic:  2/2        EV: 12    Int:  8    God:
Gold:   23         SH:  0    Dex: 12    Spells: 1/1 levels left

rFire   . . .      SeeInvis .   a - +0 war axe
rCold   . . .      Faith    .   (no shield)
rNeg    . . .      Spirit   .   b - +0 leather armour
rPois   .          Reflect  .   c - +0 helmet
rElec   .          Harm     .   (no cloak)
rCorr   .          Rampage  .   (no gloves)
Will    .....                   (no boots)
Stlth   +.........              (no amulet)
HPRegen 0.08/turn               (no ring)
MPRegen 0.08/turn               (no ring)

@: very slow
A: no striking features
a: no special abilities


You were on level 1 of the Abyss.
You visited 1 branch of the dungeon, and saw 2 of its levels.
You visited the Abyss 1 time.

You collected 23 gold pieces.

Inventory:

Hand Weapons
 a - a +0 war axe (weapon)
Missiles
 d - 3 throwing nets (quivered)
 e - a javelin
Armour
 b - a +0 leather armour (worn)
 c - a +0 helmet (worn)
Potions
 f - a potion of flight {unknown}
 g - a potion of curing {unknown}


   Skills:
 + Level 2.7 Fighting
 + Level 4.2 Axes
 - Level 1.7 Throwing
 + Level 0.8 Armour
 - Level 2.4 Dodging


You had one spell level left.
You didn't know any spells.
Your spell library was empty.

Dungeon Overview and Level Annotations

Branches:
Dungeon (2/15)

Altars:


Message History

The quokka barely misses you. The quokka closely misses you.
You hit the quokka.
The quokka is moderately wounded.
The quokka closely misses you.
You closely miss the quokka.
The quokka is moderately wounded.
You hit the kobold but do no damage. The quokka bites you.
The kobold barely misses you.
The kobold hits you with a +1 short sword of distortion.
You are cast into the Abyss!
To return, you must find a gate leading back.
Killing monsters will force the Abyss to allow you passage.
This branch contains the abyssal rune of Zot.
A large abomination comes into view.
You enter the shallow water.
Moving in this stuff is going to be slow.
You enter the shallow water.
Moving in this stuff is going to be slow.
You enter the shallow water.
Moving in this stuff is going to be slow.
Why would you want to do that?
An anaconda skeleton comes into view.
The anaconda skeleton grabs you. The anaconda skeleton bites you!
The anaconda skeleton constricts you.
The anaconda skeleton closely misses you.
The anaconda skeleton constricts you.
* * * LOW HITPOINT WARNING * * *
The anaconda skeleton bites you but does no damage.
The anaconda skeleton constricts you.
* * * LOW HITPOINT WARNING * * *
You escape the anaconda skeleton's grasp.
You enter the shallow water.
Moving in this stuff is going to be slow.
The raiju barks!
The anaconda skeleton barely misses you.
The anaconda skeleton bites you.
* * * LOW HITPOINT WARNING * * *
The anaconda skeleton barely misses you.
The anaconda skeleton bites you.
You die...

♣~ x~~ ~ ~§§~
# ~# # ~~≈~
##~ X#. .~≈~~
..~~ ~.##.~~~~
~~~##.#.≈h§~~
#...~~~~§~♣
##Z~~~~~~~
#~@~♣≈~♣≈♣
#.~~~≈~~~≈~
#~~~~~~~~~≈
♣~~~≈~~~~Z§
~~~~~≈~~~≈§
~~~~~~~≈♣~~§
~~~~~~~~~~~~~
~♣~~~~~~~≈♣~~.


You could see a large abomination, a raiju, a bunyip zombie and an anaconda
skeleton.

Vanquished Creatures
  A giant cockroach (D:1)
  A hobgoblin (D:1)
  A kobold (D:1)
  2 ball pythons (D:1)
  A frilled lizard (D:1)
  2 rats (D:1)
8 creatures vanquished.

Notes
Turn   | Place    | Note
-------+----------+-------------------------------------------
     0 | D:1      | Thatpatchoflichen the Hill Orc Gladiator began the quest
                  | for the Orb.
     0 | D:1      | Reached XP level 1. HP: 18/18 MP: 1/1
   399 | D:1      | Reached XP level 2. HP: 23/25 MP: 2/2
   429 | Abyss:1  | Cast into level 1 of the Abyss (kobold)
   466 | Abyss:1  | Noticed a large abomination
   475 | Abyss:1  | Noticed an anaconda skeleton
   479 | Abyss:1  | Noticed a raiju
   479 | Abyss:1  | Noticed a small abomination
   479 | Abyss:1  | Noticed a bunyip zombie
   480 | Abyss:1  | Slain by an anaconda skeleton

Illustrated notes

Levels and vault maps discovered:
D:1:      dpeg_arrival_boxes_within_box, layout_basic,
          hellmonk_ecumenical_altar_heavens_door, minmay_tetromino_i4
D:2:      layout_basic, roderic_serpentine_path, uniq_sigmund, uniq_robin
Abyss:1:  base: D:1, minivault_25_ag

Action                   || total
-------------------------++-------
Melee: War axe           ||    15
Armor: Leather armour    ||     4
Dodge: Dodged            ||    12
